 Dungeon Crawl Stone Soup version 0.18.1-8-gdd0e5ea (webtiles) character file.

35 rgaf the Slasher (level 3, -6/24 HPs)
             Began as a High Elf Skald on June 3, 2016.
             Mangled by a gnoll
             ... wielding a +2 whip of draining
              (8 damage)
             ... on level 1 of the Dungeon.
             The game lasted 00:02:05 (1444 turns).

rgaf the Slasher (High Elf Skald)                   Turns: 1444, Time: 00:02:06

Health: -6/24      AC:  3    Str: 11    XL:     3   Next: 16%
Magic:  7/7        EV: 10    Int: 16    God:
Gold:   54         SH:  0    Dex: 15    Spells: 1 memorised, 5 levels left

rFire  + . .     SeeInvis .     a - +0 falchion
rCold  . . .     Gourm    .     m - +0 leather armour {rF+}
rNeg   . . .     Faith    .     (no shield)
rPois  .         Spirit   .     (no helmet)
rElec  .         Dismiss  .     (no cloak)
rCorr  .         Reflect  .     (no gloves)
SustAt .         Harm     .     (no boots)
MR     .....                    h - amulet of rage
Stlth  +.........               (no ring)
                                (no ring)

@: flying, heavily drained, not resistant to hostile enchantments, very
unstealthy
A: no striking features
a: Evoke Berserk Rage


You were on level 1 of the Dungeon.
You were hungry.

You visited 1 branch of the dungeon, and saw 2 of its levels.

You collected 54 gold pieces.

Inventory:

Hand Weapons
 a - a +0 falchion (weapon)
Missiles
 o - 6 curare-tipped needles
Armour
 b - a +0 leather armour
 m - a +0 leather armour of fire resistance (worn)
Jewellery
 h - an amulet of rage (around neck)
Scrolls
 e - a scroll of magic mapping {unknown}
 f - 3 scrolls of teleportation {unknown}
 g - a scroll of identify {unknown}
 i - a scroll of remove curse {unknown}
 j - a scroll of immolation {unknown}
 l - 3 scrolls of amnesia {unknown}
Books
 c - a book of Battle

   Spells                             Type                      Level
   a - Infusion                       Charms                       1
   b - Shroud of Golubria             Charms/Translocation         2
   c - Song of Slaying                Charms                       2
   d - Spectral Weapon                Hexes/Charms                 3
   e - Regeneration                   Charms/Necromancy            3
Comestibles
 d - a bread ration
 k - a meat ration


   Skills:
 - Level 2.0(0.5) Fighting
 + Level 4.4(2.8) Long Blades
 - Level 0.8(0.0) Armour
 - Level 1.1(0.0) Dodging
 - Level 2.4(0.9) Spellcasting
 - Level 3.6(2.0) Charms


You had 5 spell levels left.
You knew the following spells:

 Your Spells              Type           Power        Failure   Level  Hunger
a - Infusion              Chrm           #...         14%         1    ##.....


Dungeon Overview and Level Annotations

Branches:
Dungeon (2/15)

Altars:

Annotations:
D:2 Terence


Message History

The gnoll closely misses you.
You hit the gnoll.
The gnoll is severely wounded.
The gnoll hits you with a whip of draining.
You feel drained.
You barely miss the gnoll.
The gnoll is severely wounded.
The gnoll closely misses you.
You closely miss the gnoll.
The gnoll is severely wounded.
The gnoll hits you with a whip of draining!
* * * LOW HITPOINT WARNING * * *
You feel drained.
* * * LOW HITPOINT WARNING * * *
Drink which item? (? for menu, Esc to quit)
It was a potion of flight.
You feel very buoyant.
You fly up into the air.
The gnoll hits you with a whip of draining!
You die...

#.# #.#.......#.#.#
#.# #.###.⌠.###.#.##
#.###...#...#......#
#.......##'##....#.#
.................#.#
....)#w#.#.#######.#
...#g......# #.#
.....#.#.#.#######.#
....##.......(wg@..#
....##.#############
....##.# .......#
.####### ##


You could see a gnoll and a dart slug.

Vanquished Creatures
  3 dart slugs (D:1)
  A giant gecko (D:1)
  4 giant cockroaches (D:1)
  A goblin (D:1)
  6 hobgoblins (D:1)
  2 kobolds (D:1)
  4 bats (D:1)
  A giant newt (D:1)
  4 rats (D:1)
26 creatures vanquished.

Notes
Turn   | Place    | Note
--------------------------------------------------------------
     0 | D:1      | rgaf the High Elf Skald began the quest for the Orb.
     0 | D:1      | Reached XP level 1. HP: 14/14 MP: 4/4
    84 | D:1      | Reached skill level 3 in Long Blades
   156 | D:1      | Reached XP level 2. HP: 9/19 MP: 6/6
   595 | D:1      | Reached skill level 4 in Long Blades
   922 | D:1      | Reached XP level 3. HP: 21/24 MP: 7/7
  1407 | D:2      | Noticed Terence
  1444 | D:1      | Mangled by a gnoll

Skill      XL: |  1  2 |
---------------+-------+-----
Long Blades    | 3 4 |  4.4
Fighting       | |  2.0
Armour         | |  0.8
Dodging        | |  1.1
Spellcasting   | |  2.4
Charms         | |  3.6

Action                   || total
-------------------------++-------
Melee: Falchion          ||    80
  Use: Potion            ||     1
  Eat: Chunk             ||     1
Armor: Leather armour    ||    23
Dodge: Dodged            ||    36
